 Dungeon Crawl Stone Soup version 0.19-a0-4-ga5c5ac4 (webtiles) character file.

534 namelastname112 the Conjurer (level 7, 42/55 HPs)
             Began as a Mottled Draconian Ice Elementalist on Apr 28, 2016.
             Quit the game on level 4 of the Dungeon.
             The game lasted 00:06:19 (4411 turns).

namelastname112 the Conjurer (DrIE)                 Turns: 4411, Time: 00:06:19

Health: 42/55      AC:  6    Str: 18    XL:     7   Next: 4%
Magic:  6/13       EV: 13    Int: 17    God:
Gold:   192        SH:  0    Dex: 15    Spells: 2 memorised, 9 levels left

rFire  . . .     SeeInvis .     j - +2 dagger of the Jester {pierce, Str+7 Dex+4}
rCold  . . .     Gourm    .     (armour unavailable)
rNeg   . . .     Faith    .     (no shield)
rPois  .         Spirit   .     (helmet restricted)
rElec  .         Dismiss  .     (no cloak)
rCorr  .         Reflect  .     (no gloves)
SustAt .         Harm     .     (no boots)
MR     .....                    (no amulet)
Stlth  ++........               (no ring)
                                (no ring)

@: mildly poisoned (42 -> 39), not resistant to hostile enchantments, unstealthy
A: breathe sticky flame splash, unfitting armour, cold-blooded, AC +6
a: Breathe Sticky Flame


You were on level 4 of the Dungeon.
You were not hungry.

You visited 1 branch of the dungeon, and saw 4 of its levels.

You collected 192 gold pieces.

Inventory:

Hand Weapons
 j - the +2 dagger of the Jester (weapon) {pierce, Str+7 Dex+4}
   (You found it on level 4 of the Dungeon)

   It inflicts extra damage upon your enemies.
   It affects your strength (+7).
   It affects your dexterity (+4).
Scrolls
 d - 2 scrolls of remove curse {unknown}
 i - 7 scrolls of identify {unknown}
 k - 3 scrolls of teleportation {unknown}
Potions
 c - a potion of flight {unknown}
 e - a potion of lignification {unknown}
 f - 7 potions of curing {unknown}
 g - a potion of brilliance {unknown}
 l - a potion of cure mutation {unknown}
 n - a potion of heal wounds {unknown}
 o - a potion of might {unknown}
Books
 a - a book of Frost

   Spells                             Type                      Level
   a - Freeze                         Ice                          1
   b - Throw Frost                    Conjuration/Ice              2
   c - Ozocubu's Armour               Charms/Ice                   3
   d - Throw Icicle                   Conjuration/Ice              4
   e - Summon Ice Beast               Ice/Summoning                4
Comestibles
 b - 3 bread rations
 h - a slice of pizza
 m - 3 chunks of flesh


   Skills:
 - Level 2.1 Fighting
 - Level 2.4 Dodging
 - Level 1.7 Stealth
 + Level 4.4 Spellcasting
 * Level 5.2 Conjurations
 - Level 3.0 Ice Magic


You had 9 spell levels left.
You knew the following spells:

 Your Spells              Type           Power        Failure   Level  Hunger
a - Throw Icicle          Conj/Ice       ###.....     30%         4    ####...
z - Freeze                Ice            ##..         4%          1    None


Dungeon Overview and Level Annotations

Branches:
Dungeon (4/15)
 Temple: D:4-7

Altars:
Pakellas


Innate Abilities, Weirdness & Mutations

You can spit globs of burning liquid.
You can ignite nearby creatures when you spit burning liquid.
Your weird mottled scales are hard (AC +6).
Your body does not fit into most forms of armour.
You are cold-blooded and may be slowed by cold attacks.


Message History

Aim: a scorpion (moderately wounded)
You freeze the scorpion.
The scorpion is almost dead.
The scorpion stings you.
You take 3 damage, and have 37/48 hp.
You now have 7/12 mp.
Casting: Freeze
Confirm with . or Enter, or press ? or * to list all spells.
Aiming: Freeze
Press: ? - help, Shift-Dir - straight line, f/p - scorpion
Aim: a scorpion (almost dead)
You freeze the scorpion.
You kill the scorpion!
You have reached level 7!
Your scales start taking on a weird mottled colour.
You learn Fire Magic quicker.
You can spit globs of burning liquid.
You can ignite nearby creatures when you spit burning liquid.
You feel sick.
You regained 5 hp, and now have 42/55 hp.
You now have 6/13 mp.
Are you sure you want to abandon this character and quit the game? (Confirm with "yes".)

.##........#
...^###############
.#### #.........#
.# #........[# .#
#.........# .#
#.........# .#
#.........# .##
#.........# ..#
#.......@.# ..####
#!........# .....##
#.........#
......######..#####
..................#
......#####.......#
....#...####......#
....##............#
........##.#......#


There were no monsters in sight!

Vanquished Creatures
  A phantom (D:4)
  3 scorpions (D:4)
  The ghost of PeterLawrence the Cudgeler, a weakling MiFi (D:3)
  An orc wizard (D:4)
  An iguana (D:4)
  Terence (D:3)
  5 adders
  An ooze (D:4)
  An adder skeleton (D:4)
  5 worms
  3 dart slugs
  4 giant geckos
  9 orcs
  7 bats
  A giant cockroach (D:3)
  9 goblins
  7 hobgoblins
  14 jackals
  2 quokkas (D:2)
  A ball python (D:1)
  3 giant newts
  6 kobolds
  7 rats
93 creatures vanquished.

Notes
Turn   | Place    | Note
--------------------------------------------------------------
     0 | D:1      | namelastname112 the Draconian Ice Elementalist began the quest for the Orb.
     0 | D:1      | Reached XP level 1. HP: 14/14 MP: 3/3
    52 | D:1      | Reached skill level 1 in Fighting
    62 | D:1      | Reached XP level 2. HP: 18/23 MP: 0/5
   722 | D:1      | Reached XP level 3. HP: 25/29 MP: 4/6
  1480 | D:2      | Reached XP level 4. HP: 32/36 MP: 1/8
  1590 | D:2      | Learned a level 4 spell: Throw Icicle
  1951 | D:3      | Noticed Terence
  1960 | D:3      | Killed Terence
  1960 | D:3      | Reached skill level 2 in Conjurations
  2057 | D:3      | Noticed PeterLawrence's ghost (weakling MiFi)
  2075 | D:4      | Reached XP level 5. HP: 31/41 MP: 3/10
  2078 | D:4      | Got an ichor-stained dagger
  2079 | D:4      | Identified the +2 dagger of the Jester {pierce, Str+7 Dex+4} (You found it on level 4 of the Dungeon)
  2234 | D:4      | Reached skill level 3 in Conjurations
  2625 | D:4      | Reached XP level 6. HP: 40/48 MP: 7/11
  3310 | D:3      | Reached skill level 4 in Conjurations
  3405 | D:3      | Killed PeterLawrence's ghost
  4117 | D:4      | Reached skill level 5 in Conjurations
  4260 | D:4      | Found an oddly glowing altar of Pakellas.
  4410 | D:4      | Your scales start taking on a weird mottled colour.
  4410 | D:4      | Reached XP level 7. HP: 43/55 MP: 6/13
  4411 | D:4      | Quit the game

Vault maps used:
D:1:      dpeg_arrival_erosion, grunt_decor_one_mirror, nrook_uturn,
          serial_bayou_lagoon_a, amethyst_killhole, minmay_crystal_water
D:2:      first_bread
D:3:      grunt_decor_cap, uniq_terence
D:4:      johnstein_pakellas_death_squad

Skill      XL: |  1  2  3  4  5  6 |
---------------+-------------------+-----
Fighting       | 1 2 |  2.1
Dodging        | 2 |  2.4
Spellcasting   | 3 4 |  4.4
Conjurations   | 2 3 5 |  5.2
Stealth        | |  1.7
Ice Magic      | |  3.0

Action                   |  1- 3 |  4- 6 |  7- 9 || total
-------------------------+-------+-------+-------++-------
Melee: Unarmed           |    22 |       |       ||    22
       Tailslap          |    11 |    16 |       ||    27
       Dagger            |    39 |   136 |       ||   175
 Cast: Freeze            |    59 |    98 |     1 ||   158
 Stab: Sleeping          |     1 |     2 |       ||     3
  Eat: Chunk             |     2 |     8 |       ||    10
       Beef jerky        |       |     1 |       ||     1
Armor: Skin              |    30 |    69 |       ||    99
Dodge: Dodged            |    58 |   169 |       ||   227
